 Dungeon Crawl Stone Soup version 0.30.1-1-g62c8e00024 (webtiles) character file.

Game seed: 4666589897613817474

150 Fodor the Trooper (level 5, -1/47 HPs)
             Began as a Minotaur Fighter on July 14, 2023.
             Slain by a black bear (4 damage)
             ... on level 4 of the Dungeon.
             The game lasted 00:14:14 (2703 turns).

Fodor the Trooper (Minotaur Fighter)                Turns: 2703, Time: 00:14:16

Health: -1/47      AC:  8    Str: 23    XL:     5   Next: 10%
Magic:  4/4        EV:  9    Int:  5    God:
Gold:   172        SH:  4    Dex:  9    Spells: 4/4 levels left

rFire   . . .        v - +2 falchion (vamp)
rCold   . . .        c - +0 buckler
rNeg    . . .        b - +0 scale mail
rPois   .            (helmet restricted)
rElec   .            (no cloak)
rCorr   .            k - +0 pair of gloves
SInv    .            (no boots)
Will    .....        (no amulet) Stlth
                     (no ring)
HPRegen 0.27/turn    (no ring)
MPRegen 0.09/turn

%: no passive effects
@: no status effects
A: horns 2, retaliatory headbutt
a: no special abilities


You were on level 4 of the Dungeon.
You visited 1 branch of the dungeon, and saw 4 of its levels.

You collected 172 gold pieces.

Inventory:

Hand Weapons
 v - a +2 vampiric falchion (weapon)
Armour
 b - a +0 scale mail (worn)
 c - a +0 buckler (worn)
 k - a +0 pair of gloves (worn)
Jewellery
 s - an amulet of faith
Wands
 r - a wand of flame (17) (quivered)
Scrolls
 f - 3 scrolls of identify {unknown}
 g - 4 scrolls of poison {unknown}
 i - 2 scrolls of vulnerability {unknown}
 n - 2 scrolls of silence {unknown}
 o - a scroll of teleportation {unknown}
 p - 3 scrolls of immolation {unknown}
 q - a scroll of fear {unknown}
 t - a scroll of amnesia {unknown}
 u - a scroll of enchant armour {unknown}
Potions
 d - a potion of might
 e - 2 potions of curing {unknown}
 h - 2 potions of mutation {unknown}
 j - 2 potions of lignification {unknown}
 l - 2 potions of berserk rage {unknown}
 m - 7 potions of heal wounds {unknown}


   Skills:
 + Level 4.9 Fighting
 + Level 3.6 Long Blades
 + Level 4.4 Armour
 + Level 1.0 Dodging
 + Level 4.5 Shields


You had 4 spell levels left.
You didn't know any spells.
Your spell library was empty.

Dungeon Overview and Level Annotations

Branches:
Dungeon (4/15)
 Temple: D:4-7

Altars:


Innate Abilities, Weirdness & Mutations

You have a pair of horns on your head.
You reflexively headbutt those who attack you in melee.


Message History

The black bear claws you but does no damage. x2
You block the jelly's attack.
You hit the jelly.
You kill the jelly!
The quokka closely misses you.
The black bear bites you but does no damage.
You block the black bear's attack.
The black bear claws you but does no damage.
The quokka bites you but does no damage.
You have reached level 5!
You barely miss the orc. The orc hits you but does no damage.
The black bear bites you.
The black bear claws you but does no damage.
The black bear claws you.
The quokka bites you but does no damage.
You completely miss the orc. The orc hits you but does no damage.
The black bear bites you. The black bear claws you.
The black bear claws you but does no damage.
The quokka bites you but does no damage.
You hit the orc.
You feel better.
You kill the orc!
The quokka barely misses you.
The black bear bites you but does no damage.
The black bear claws you. The black bear misses you.
The quokka closely misses you. You block the black bear's attack.
The black bear barely misses you. x2
You closely miss the black bear.
The black bear is moderately wounded.
The quokka closely misses you. The black bear bites you.
* * * LOW HITPOINT WARNING * * *
The black bear closely misses you.
The black bear claws you but does no damage.
You hit the black bear.
The black bear is moderately wounded.
You block the quokka's attack. The black bear bites you!
* * * LOW HITPOINT WARNING * * *
The black bear claws you.
* * * LOW HITPOINT WARNING * * *
The black bear claws you.
You die...

########## #
.......<.####..#
.........)@..#
.........hr....#
...............#
...............#
................#
...............##
...............#
..............#


You could see a black bear and a quokka.

Vanquished Creatures
  A jelly (D:4)
  An orc priest (D:3)
  An adder (D:3)
  A worm (D:3)
  2 dart slugs
  3 orcs
  6 bats
  10 endoplasms
  2 giant cockroaches
  4 goblins
  6 hobgoblins
  3 jackals (D:3)
  3 quokkas
  5 ball pythons
  4 frilled lizards
  2 kobolds
  14 rats
68 creatures vanquished.

Notes
Turn   | Place    | Note
-------+----------+-------------------------------------------
     0 | D:1      | Fodor the Minotaur Fighter began the quest for the Orb.
     0 | D:1      | Reached XP level 1. HP: 19/19 MP: 0/0
   242 | D:1      | Reached XP level 2. HP: 25/27 MP: 1/1
   995 | D:2      | Reached XP level 3. HP: 33/33 MP: 2/2
  2016 | D:3      | Reached XP level 4. HP: 41/41 MP: 3/3
  2462 | D:3      | Reached skill level 1 in Dodging
  2691 | D:4      | Noticed a black bear
  2699 | D:4      | Reached XP level 5. HP: 30/47 MP: 4/4
  2703 | D:4      | Slain by a black bear

Illustrated notes

Levels and vault maps discovered:
D:1:      lemuel_arrival_rhombus, layout_loops_ring, minmay_heptomino_o4
D:2:      layout_loops_corners
D:3:      layout_basic
D:4:      layout_cave_pods, nicolae_overflow_squiral, minmay_temple_entry_waves,
          ebering_ghost_sewer_f

Skill      XL: |  1  2  3  4 |
---------------+-------------+-----
Shields        | 4 |  4.5
Fighting       | 4 |  4.9
Armour         | 4 |  4.4
Long Blades    | 3 |  3.6
Dodging        | 1 |  1.0

Action                     |  1- 3 |  4- 6 || total
---------------------------+-------+-------++-------
  Melee: Long sword        |   109 |    27 ||   136
         Headbutt          |    15 |     8 ||    23
         Falchion          |       |     9 ||     9
 Armour: Scale mail        |    74 |    29 ||   103
  Dodge: Dodged            |    60 |    19 ||    79
  Block: Buckler           |    26 |     6 ||    32
